Map: Fracture LE

Players

Reynor - Winner!

  • Race: Zerg Zerg
  • Spawn Location: 11:00

Bly

  • Race: Zerg Zerg
  • Spawn Location: 5:00

Event: WCS Montreal 2018

VOD

Have the link to the VOD?

Description

Time

  • Played on: Sept. 7, 2018, 2:55 p.m.
  • Length: 7:34

All games in this series

Show
View Real Time Build Order
Export as new Build Order

Reynor Zerg - Winner!

Build Orders: Hatch First, Zergling Baneling 

Get SALT Encoding   

  12  0:00  Drone  
  13  0:12  Overlord  
  13  0:16  Drone  
  14  0:30  Drone x2  
  16  0:36  Drone  
  17  0:53  Hatchery  
  17  0:55  Drone  
  17  1:07  Spawning Pool  
  16  1:12  Drone  
  16  1:16  Drone  
  16  1:17  Extractor  
  17  1:28  Drone  
  18  1:43  Drone  
  20  1:54  Zergling x4  
  20  1:58  Extractor, Queen  
  23  2:04  Spine Crawler  
  23  2:05  Zergling x2  
  23  2:06  Zergling x2, Baneling Nest  
  23  2:16  Queen  
  25  2:28  Zergling x4  
  27  2:39  Zergling x2  
  24  2:46  Zergling x4  
  26  2:55  Zergling x2  
  26  2:56  Zergling x2  
  26  3:01  Baneling x2  
  26  3:03  Zergling x2  
  27  3:11  Baneling x2  
  27  3:13  Zergling x2  
  27  3:18  Baneling  
  28  3:20  Overlord  
  28  3:25  Baneling  
  27  3:30  Overlord  
  27  3:39  Baneling  
  27  3:43  Queen  
  27  3:44  Drone  
  27  3:46  Baneling  
  30  3:50  Drone  
  30  3:52  Drone  
  32  3:58  Drone x2  
  32  4:01  Drone  
  35  4:04  Drone  
  35  4:08  Drone  
  37  4:11  Drone  
  37  4:14  Drone  
  40  4:17  Drone  
  40  4:23  Queen  
  42  4:26  Drone  
  42  4:31  Evolution Chamber  
  42  4:33  Drone  
  42  4:34  Drone  
  44  4:47  Drone, Roach Warren  
  44  4:50  Overlord  
  43  4:54  Overlord  
  43  4:59  Zerg Missile Weapons Level 1  
  43  5:06  Overlord  
  43  5:11  Drone x5  
  43  5:12  Drone  
  43  5:13  Drone  
  50  5:19  Drone  
  51  5:23  Drone  
  52  5:29  Drone  
  52  5:38  Drone x3  
  54  5:43  Lair  
  54  5:44  Extractor  
  54  5:45  Overlord  
  54  5:46  Roach x2  
  54  5:48  Extractor  
  55  5:51  Roach  
  55  5:52  Drone x2  
  58  5:57  Overlord  
  58  6:02  Roach  
  60  6:05  Extractor  
  60  6:09  Roach  
  62  6:11  Drone, Hatchery  
  61  6:20  Roach  
  61  6:22  Drone x5  
  61  6:24  Roach  
  70  6:26  Overlord  
  70  6:33  Roach  
  70  6:37  Roach  
  70  6:39  Roach  
  76  6:47  Roach  
  76  6:48  Spine Crawler  
  76  6:50  Spine Crawler, Overlord  
  76  6:51  Roach x4  
  84  7:06  Overlord  
  88  7:08  Roach x3  
  88  7:09  Roach  
Show
View Real Time Build Order
Export as new Build Order

Bly Zerg 

Build Orders: 1 Base Baneling Bust, Pool First, Zergling Baneling 

Get SALT Encoding   

  12  0:02  Drone  
  13  0:15  Extractor  
  12  0:24  Spawning Pool  
  11  0:28  Drone  
  11  0:32  Drone  
  13  0:39  Drone  
  14  0:48  Overlord  
  14  1:11  Zergling x4  
  14  1:12  Zergling x2  
  14  1:15  Metabolic Boost  
  17  1:22  Zergling x2  
  18  1:33  Zergling x2  
  18  1:35  Baneling Nest  
  18  1:45  Zergling x2  
  19  1:49  Queen  
  21  1:54  Zergling x2  
  22  2:05  Overlord  
  22  2:19  Baneling  
  22  2:20  Baneling  
  22  2:24  Zergling x2  
  20  2:45  Zergling x4  
  20  2:49  Zergling x2  
  22  3:00  Zergling x2  
  22  3:01  Zergling x4  
  22  3:03  Baneling x4  
  22  3:04  Baneling  
  24  3:06  Zergling x2  
  25  3:15  Baneling  
  25  3:18  Zergling x2  
  26  3:26  Baneling  
  24  3:28  Baneling  
  24  3:29  Zergling x2  
  25  3:34  Zergling x2  
  25  3:35  Zergling x4  
  25  3:39  Baneling  
  28  3:44  Zergling x2  
  28  4:01  Drone x2  
  28  4:02  Drone  
  27  4:18  Drone x2  
  29  4:28  Overlord  
  29  4:35  Hatchery  
  28  4:42  Drone  
  28  4:43  Drone  
  30  4:52  Drone x3  
  31  5:03  Drone  
  31  5:05  Queen  
  34  5:17  Roach Warren  
  32  5:29  Drone x3  
  34  5:45  Drone x4  
  38  5:53  Drone  
  39  6:02  Drone x2  
  41  6:04  Queen  
  41  6:10  Overlord  
  43  6:15  Overlord  
  40  6:34  Drone x5  
  40  6:36  Drone x2  
  40  6:37  Drone  
  47  6:43  Overlord  
  48  6:47  Drone  
  48  6:49  Extractor, Evolution Chamber  
  48  6:50  Overlord  
  46  6:59  Overlord  
  46  7:03  Roach  
  48  7:09  Roach  
  48  7:11  Evolution Chamber  
Tags
 
Add a new tag
Caveats
  • Supply blocks, unpowered buildings, or Contaminate may cause inaccurate times.
  • Supply counts are checked every 10 seconds.